 Dungeon Crawl Stone Soup version 0.29-a0-676-ga64570c9d2 (webtiles) character file.

Game seed: 11490550732005444588

109 zeratav the Stinger (level 5, -2/35 HPs)
             Began as a Formicid Venom Mage on June 24, 2022.
             Slain by Crazy Yiuf
             ... wielding a +4 quarterstaff of chaos
              (8 damage)
             ... on level 2 of the Dungeon.
             The game lasted 00:04:16 (2514 turns).

zeratav the Stinger (Formicid Venom Mage)           Turns: 2514, Time: 00:04:17

Health: -2/35      AC:  5    Str: 14    XL:     5   Next: 13%
Magic:  7/8        EV: 12    Int: 15    God:
Gold:   106        SH:  0    Dex: 14    Spells: 7/8 levels left

rFire   . . .      SeeInvis +   f - +0 club {mace}
rCold   . . .      Faith    .   (no shield)
rNeg    . . .      Spirit   .   a - +0 robe
rPois   .          Reflect  .   (helmet unavailable)
rElec   .          Harm     .   d - +2 cloak
rCorr   .          Rampage  .   (no gloves)
Will    .....                   (no boots)
Stlth   ++........              (no amulet)
HPRegen 0.11/turn               r - ring of flight
MPRegen 0.11/turn               (no ring)

@: flying
A: permanent stasis, dig shafts and tunnels, antennae 3, four strong arms
a: Dig, Shaft Self


You were on level 2 of the Dungeon.
You visited 1 branch of the dungeon, and saw 2 of its levels.

You collected 106 gold pieces.


Innate Abilities, Weirdness & Mutations

You cannot be hasted, slowed, berserked, paralysed or teleported.
You can dig through walls and to a lower floor.
You have a pair of large antennae on your head. (SInv)
Your four strong arms can wield two-handed weapons with a shield.


   Skills:
 - Level 1.7 Dodging
 - Level 2.4 Stealth
 - Level 2.1 Spellcasting
 - Level 1.1 Transmutations
 + Level 7.2 Poison Magic


You had 7 spell levels left.
You knew the following spells:

 Your Spells              Type           Power      Damage    Failure   Level
a - Sting                 Tmut/Pois      56%        1d5       4%          1

Your spell library contained the following spells:

 Spells                   Type           Power      Damage    Failure   Level
 Poisonous Vapours        Pois/Air       24%        N/A       8%          2
 Olgreb's Toxic Radiance  Pois           23%        N/A       11%         4
 Foxfire                  Conj/Fire      4%         2x1d4     22%         1
 Mephitic Cloud           Conj/Pois/Air  8%         N/A       24%         3
 Conjure Flame            Conj/Fire      1%         6-21      54%         3
 Inner Flame              Hex/Fire       1%         N/A       54%         3
 Lesser Beckoning         Tloc           1%         N/A       54%         3
 Flame Wave               Conj/Fire      1%         2d4       91%         4
 Manifold Assault         Tloc           1%         N/A       99%         5
 Blink                    Tloc           Unusable   N/A       N/A         2

Inventory:

Hand Weapons
 f - a +0 club (weapon) {mace}
   (You took it off a goblin on level 1 of the Dungeon)
Missiles
 t - 4 datura-tipped darts {throwing}
Armour
 a - a +0 robe (worn)
 d - a +2 cloak (worn)
   (You found it on level 1 of the Dungeon)
 k - a scarf of repulsion
   (You found it on level 1 of the Dungeon)
Jewellery
 r - a ring of flight (left hand)
   (You found it on level 2 of the Dungeon)
Scrolls
 c - a scroll of noise {unknown}
 e - a scroll of blinking {unknown}
 i - a scroll of teleportation {unknown}
 l - 3 scrolls of identify {unknown}
 n - a scroll of poison {unknown}
Potions
 b - a potion of magic
 g - a potion of attraction {unknown}
 h - 2 potions of curing {unknown}
 j - 2 potions of invisibility {unknown}
 m - 2 potions of flight {unknown}
 o - a potion of lignification {unknown}
 p - a potion of degeneration {unknown}
 q - a potion of might {unknown}
 s - a potion of berserk rage {unknown}

Dungeon Overview and Level Annotations

Branches:
Dungeon (2/15) Zot: 9472

Altars:

Annotations:
D:2 Crazy Yiuf

...##...[..'...'..#
>........###...####
÷........# #...##
.........# #....##
.........# #.....##
##....####
#......## #....#
####....#
#..>.###### #....#
##.......'# ♣.@..♣
########## ♣♣g..♣
♣♣.♣♣ ♣♣.♣ ♣.♣♣
###### ♣♣.♣ #>...#
♣.♣♣ #....# #'#
#....# ...


You could see Crazy Yiuf (poisoned).


Message History

There is an open door here.
You now have 102 gold pieces (gained 7).
You pick up a book of Flames and begin reading...
You add the spells Foxfire, Conjure Flame, Inner Flame and Flame Wave to your library.
You fly up into the air.
r - a ring of flight (left hand)
You reach down and open the door.
There is an open door here.
You reach down and open the door.
There is an open door here.
There is an open door here.
You reach down and open the door.
You see here a quokka corpse.
There is an open door here.
You reach down and open the door.
A goblin comes into view. It is wielding a +0 dagger.
The goblin shouts!
A bat comes into view.
Found an escape hatch in the ceiling.
There are monsters nearby!
Found a stone staircase leading down.
There is an open door here.
The sting hits the bat but does no damage.
The bat is poisoned.
The bat barely misses you. The bat closely misses you.
MP[-1]
You lost 1 mp, and now have 7/8 mp.
You hit the bat. The bat misses you.
The sting hits the bat.
The bat looks even sicker.
You kill the bat!
An endoplasm comes into view.
MP[-1]
You lost 1 mp, and now have 6/8 mp.
The sting hits the goblin.
The goblin is poisoned.
The endoplasm quivers.
The goblin closely misses you.
MP[-1]
You lost 1 mp, and now have 5/8 mp.
The sting hits the goblin.
The goblin looks even sicker.
You kill the goblin!
MP[-1]
You lost 1 mp, and now have 4/8 mp.
You can't see any susceptible monsters within range! (Use Z to cast anyway.)
You can't see any susceptible monsters within range! (Use Z to cast anyway.)
Things that are here:
a +0 dagger {short}; a goblin corpse The sting hits the endoplasm.
The endoplasm partially resists.
MP[-1]
You lost 1 mp, and now have 3/8 mp.
The endoplasm closely misses you.
The sting hits the endoplasm.
The endoplasm partially resists.
The endoplasm is poisoned.
The endoplasm misses you.
The sting hits the endoplasm.
The endoplasm partially resists.
The endoplasm hits you.
HP[-1] MP[-1]
You take 1 damage, and now have 34/35 hp.
You lost 1 mp, and now have 2/8 mp.
The sting hits the endoplasm.
The endoplasm partially resists.
The endoplasm looks even sicker.
You kill the endoplasm!
MP[-1]
You lost 1 mp, and now have 1/8 mp.
You can't see any susceptible monsters within range! (Use Z to cast anyway.)
You reach down and open the door.
There is an open door here.
You now have 106 gold pieces (gained 4).
There is an open door here.
Things that are here:
a +0 dagger {short}; a goblin corpse
There is an open door here.
There is an open door here.
There is an escape hatch in the floor here.
You see here a +0 helmet.
There is an open door here.
Crazy Yiuf shouts!
You sense a monster nearby.
HP[+1] MP[+7]
Your hp is fully restored (35).
Your mp is fully restored (8).
You see here 4 datura-tipped darts {throwing}.
t - 4 datura-tipped darts {throwing} You reach down and open the door.
Crazy Yiuf attacks as you move away!
Crazy Yiuf hits you with a +4 quarterstaff of chaos!
HP[-12]
You take 12 damage, and now have 23/35 hp.
MASSIVE DAMAGE!! (PAUSE) Crazy Yiuf attacks as you move away!
Crazy Yiuf hits you with a +4 quarterstaff of chaos.
You are electrocuted!
* * * LOW HITPOINT WARNING * * *
HP[-17]
You take 17 damage, and now have 6/35 hp.
MASSIVE DAMAGE!! (PAUSE)
Casting: Sting (safe; 4% risk of failure)
Confirm with . or Enter, or press ? or * to list all spells.
Aiming: Sting (safe; 4% risk of failure)
Press: ? - help, Shift-Dir - straight line, f - Crazy Yiuf
Aim: Crazy Yiuf, wielding a +4 quarterstaff of chaos and wearing a +2 cloak of willpower (75% to hit)
The sting hits Crazy Yiuf.
Crazy Yiuf is poisoned.
Crazy Yiuf hits you with a +4 quarterstaff of chaos!
You die...

Skill      XL: |  1  2  3  4 |
---------------+-------------+-----
Poison Magic   | 5 6 7 |  7.2
Dodging        | |  1.7
Stealth        | |  2.4
Spellcasting   | |  2.1
Transmutations | |  1.1

Action                   |  1- 3 |  4- 6 || total
-------------------------+-------+-------++-------
Melee: Club              |     6 |    37 ||    43
       Unarmed           |     2 |       ||     2
       Staff             |     1 |       ||     1
 Cast: Sting             |    50 |    56 ||   106
Armor: Robe              |     9 |    21 ||    30
Dodge: Dodged            |    13 |    52 ||    65

Levels and vault maps discovered:
D:1:      mrwooster_arrival_arrow, layout_rooms
D:2:      layout_basic, kennysheep_small_spiral, uniq_crazy_yiuf_cottage,
          uniq_robin

Notes
Turn   | Place    | Note
-------+----------+-------------------------------------------
     0 | D:1      | zeratav the Formicid Venom Mage began the quest for the
                  | Orb.
     0 | D:1      | Reached XP level 1. HP: 13/13 MP: 3/3
     0 | D:1      | magus.rc [v1.9.6]
   157 | D:1      | HP: 3/13 [frozen (5)]
   159 | D:1      | Reached XP level 2. HP: 4/19 MP: 0/5
   554 | D:1      | Reached skill level 5 in Poison Magic
   743 | D:1      | Reached XP level 3. HP: 23/24 MP: 0/6
  1165 | D:2      | Reached skill level 6 in Poison Magic
  1165 | D:2      | Reached XP level 4. HP: 25/30 MP: 2/7
  1698 | D:2      | Noticed Robin
  1959 | D:2      | Killed Robin
  1963 | D:2      | Reached skill level 7 in Poison Magic
  2048 | D:2      | Reached XP level 5. HP: 35/35 MP: 6/8
  2112 | D:2      | You pick up a book of Spatial Translocations and begin
                  | reading...
  2112 | D:2      | You add the spells Lesser Beckoning and Manifold Assault to
                  | your library.
  2271 | D:2      | You pick up a book of Flames and begin reading...
  2271 | D:2      | You add the spells Foxfire, Conjure Flame, Inner Flame and
                  | Flame Wave to your library.
  2478 | D:2      | Found a runed translucent door.
  2479 | D:2      | Noticed Crazy Yiuf
  2512 | D:2      | HP: 6/35 [Crazy Yiuf/+4 quarterstaff of chaos (15)]
  2514 | D:2      | Slain by Crazy Yiuf

Vanquished Creatures
  Robin (D:2)
  3 adders (D:2)
  A worm (D:2)
  2 dart slugs
  8 endoplasms
  2 giant cockroaches (D:2)
  14 goblins
  6 hobgoblins
  5 quokkas
  A ball python (D:2)
  3 bats
  5 frilled lizards
  3 kobolds (D:2)
  2 rats
56 creatures vanquished.

Table legend:
 A = Non-vault XP
 B = Vault XP
 C = Vault XP percentage of total XP
 D = Non-vault monster count
 E = Vault monster count
 F = Vault count percentage of total count
                 A         B        C        D         E       F
            +---------+---------+-------+---------+---------+-------
      Total |     120 |      36 |  23.1 |      44 |      12 |  21.4
            +---------+---------+-------+---------+---------+-------
        D:1 |      39 |       2 |   4.9 |      21 |       1 |   4.5
        D:2 |      81 |      34 |  29.6 |      23 |      11 |  32.4
            +---------+---------+-------+---------+---------+-------

Illustrated notes

Table legend:
 A = Kills in this place as a percentage of kills in entire the game.
 B = Kills by you in this place as a percentage of kills by you in the entire game.
 C = Kills by friends in this place as a percentage of kills by friends in the entire game.
 D = Other kills in this place as a percentage of other kills in the entire game.
 E = Experience gained in this place as a percentage of experience gained in the entire game.
 F = Experience gained in this place divided by the number of levels of this place that you have seen.
                   A       B       C       D       E      F
               +-------+-------+-------+-------+-------+----------------------
         Total | 100.0 | 100.0 |   N/A |   N/A | 100.0 |  78.0
       Dungeon | 100.0 | 100.0 |   N/A |   N/A | 100.0 |  78.0
               +-------+-------+-------+-------+-------+----------------------

Table legend: (Time is in decaauts)
 A = Elapsed time spent in this place.
 B = Non-inter-level travel time spent in this place.
 C = Inter-level travel time spent in this place.
 D = Time resting spent in this place.
 E = Time spent auto-exploring this place.
 F = Levels seen in this place.
 G = Mean time per level.
                   A        B        C        D        E       F      G
               +--------+--------+--------+--------+--------+-----+--------+
         Total |   2526 |   2460 |     66 |    838 |   1182 |   2 | 1263.0 |
       Dungeon |   2526 |   2460 |     66 |    838 |   1182 |   2 | 1263.0 |
               +--------+--------+--------+--------+--------+-----+--------+

Top non-repeatable levels by time:
     D:2: 1325 daAuts
     D:1: 1201 daAuts
